 Dungeon Crawl Stone Soup version 0.21.1-1-g345015fe64 (webtiles) character file.

91 Kohma the Grave Robber (level 4, -4/35 HPs)
             Began as a Hill Orc Necromancer on June 9, 2018.
             Slain by Revguard's ghost (10 damage)
             ... on level 3 of the Dungeon.
             The game lasted 00:10:45 (3168 turns).

Kohma the Grave Robber (Hill Orc Necromancer)       Turns: 3168, Time: 00:10:46

Health: -4/35      AC:  3    Str: 11    XL:     4   Next: 59%
Magic:  7/7        EV: 11    Int: 15    God:
Gold:   175        SH:  0    Dex: 11    Spells: 2/7 levels left

rFire    . . .     SeeInvis .   g - +1 short sword (holy)
rCold    . . .     Gourm    .   (no shield)
rNeg     . . .     Faith    .   e - +0 leather armour
rPois    .         Spirit   .   (no helmet)
rElec    .         Reflect  .   (no cloak)
rCorr    .         Harm     .   (no gloves)
MR       .....                  (no boots)
Stlth    ++........             (no amulet)
HPRegen  0.11/turn              (no ring)
MPRegen  0.10/turn              (no ring)

@: no status effects
A: no striking features
a: no special abilities


You were on level 3 of the Dungeon.
You were not hungry.

You visited 1 branch of the dungeon, and saw 3 of its levels.

You collected 175 gold pieces.

Inventory:

Hand Weapons
 d - a +0 short sword
 g - a +1 short sword of holy wrath (weapon)
Missiles
 s - 21 stones (quivered)
Armour
 a - a +0 robe
 e - a +0 leather armour (worn)
Jewellery
 f - an uncursed ring of ice {unknown}
 j - a cursed ring of stealth {unknown}
 n - an uncursed amulet of guardian spirit {unknown}
Scrolls
 h - a scroll of amnesia {unknown}
 i - 4 scrolls of identify {unknown}
 k - 4 scrolls of remove curse {unknown}
 l - a scroll of random uselessness {unknown}
 m - a scroll of teleportation {unknown}
 q - a scroll of fear {unknown}
Potions
 p - a potion of flight {unknown}
 r - a potion of haste {unknown}
Books
 b - a book of Necromancy

   Spells                             Type                      Level
   a - Pain                           Necromancy                   1
   b - Animate Skeleton               Necromancy                   1
   c - Vampiric Draining              Necromancy                   3
   d - Regeneration                   Charms/Necromancy            3
   e - Animate Dead                   Necromancy                   4
   f - Borgnjor's Vile Clutch         Necromancy/Earth             5
Comestibles
 c - 6 rations
 o - 2 chunks of flesh


   Skills:
 + Level 1.3 Fighting
 + Level 0.8 Short Blades
 * Level 1.5 Armour
 - Level 1.9 Dodging
 - Level 1.9 Stealth
 + Level 2.0 Spellcasting
 * Level 4.5 Necromancy


You had 2 spell levels left.
You knew the following spells:

 Your Spells              Type           Power        Failure   Level  Hunger
a - Pain                  Necr           ###.         4%          1    #......
b - Animate Skeleton      Necr           N/A          4%          1    #......
c - Vampiric Draining     Necr           ###.......   13%         3    ###....


Dungeon Overview and Level Annotations

Branches:
Dungeon (3/15)

Altars:
Ashenzari
The Shining One

Annotations:
D:3 Revguard's ghost, amateur DsGl


Message History

Revguard's ghost is almost destroyed.
Your bat skeleton closely misses Revguard's ghost.
Revguard's ghost shrieks, "I have seen your future, and it is all used up."
Revguard's ghost hits you!
* * * LOW HITPOINT WARNING * * *
Your bat skeleton hits Revguard's ghost but does no damage.
You miss Revguard's ghost.
Revguard's ghost is almost destroyed.
Your bat skeleton closely misses Revguard's ghost.
Your bat skeleton hits Revguard's ghost but does no damage.
Revguard's ghost misses you.
Your bat skeleton misses Revguard's ghost.
Revguard's ghost hits you but does no damage.
Your bat skeleton barely misses Revguard's ghost.
You closely miss Revguard's ghost.
Revguard's ghost is almost destroyed.
Your bat skeleton completely misses Revguard's ghost.
Your bat skeleton barely misses Revguard's ghost.
Revguard's ghost hits you!
You die...

####.##..............
..................... #..
####.##..............#.. .
..##...............##.. ..
..#####............... ..
..+...............#..+.+#.
..######....#######.......
............#######.......
...##.......[.)W@(........
....#.##......Z...>.......
....#. #...###############
....# #...# .... +...+ ###
#...# #...# ####


You could see Revguard's ghost and a friendly bat skeleton.

Vanquished Creatures
  2 adders
  An ooze (D:2)
  3 worms (D:2)
  2 leopard geckos
  3 giant cockroaches
  7 goblins
  5 hobgoblins
  3 jackals (D:1)
  A quokka (D:3)
  A ball python (D:1)
  6 bats
  3 frilled lizards
  12 kobolds
  4 rats
  A fungus (D:1)
54 creatures vanquished.

Vanquished Creatures (collateral kills)
  A goblin (D:1)
  2 hobgoblins
  A bat (D:1)
  A rat (D:1)
5 creatures vanquished.

Grand Total: 59 creatures vanquished

Notes
Turn   | Place    | Note
-------+----------+-------------------------------------------
     0 | D:1      | Kohma the Hill Orc Necromancer began the quest for the Orb.
     0 | D:1      | Reached XP level 1. HP: 14/14 MP: 3/3
     2 | D:1      | Learned a level 1 spell: Animate Skeleton
   190 | D:1      | Reached XP level 2. HP: 10/20 MP: 0/4
  1009 | D:1      | Reached XP level 3. HP: 11/26 MP: 0/5
  1830 | D:2      | Reached skill level 1 in Armour
  2021 | D:2      | Found a glowing golden altar of the Shining One.
  2150 | D:2      | Reached skill level 1 in Fighting
  2223 | D:2      | Found a faded altar of an unknown god.
  2437 | D:2      | Reached XP level 4. HP: 34/35 MP: 4/7
  2442 | D:2      | Learned a level 3 spell: Vampiric Draining
  2569 | D:2      | Found a shattered altar of Ashenzari.
  2650 | D:3      | Noticed Revguard's ghost (amateur DsGl)
  3168 | D:3      | Slain by Revguard's ghost

Skill      XL: |  1  2  3 |
---------------+----------+-----
Armour         | 1 |  1.5
Spellcasting   | 2 |  2.0
Fighting       | 1 |  1.3
Short Blades   | |  0.8
Dodging        | |  1.9
Stealth        | |  1.9
Necromancy     | |  4.5

Action                   |  1- 3 |  4- 6 || total
-------------------------+-------+-------++-------
Melee: Short sword       |    64 |    52 ||   116
 Cast: Pain              |    49 |    20 ||    69
       Animate Skeleton  |    19 |     8 ||    27
       Vampiric Draining |       |     1 ||     1
  Eat: Chunk             |     4 |     2 ||     6
       Ration            |     1 |       ||     1
Armor: Robe              |     7 |       ||     7
       Leather armour    |    17 |    16 ||    33
Dodge: Dodged            |    46 |    34 ||    80
